Map: Omicron

Players

Manta - Winner!

  • Race: Zerg Zerg
  • League: Silver
  • Spawn Location: 7:00

Dallinger - Winner!

  • Race: Terran Terran
  • League: Diamond
  • Spawn Location: 9:00

Zeta

  • Race: Zerg Zerg
  • Spawn Location: 3:00

jdc

  • Race: Zerg Zerg
  • League: Silver
  • Spawn Location: 1:00

VOD

Have the link to the VOD?

Description

Time

  • Played on: Feb. 19, 2016, 3:56 p.m.
  • Length: 11:26
Show
View Real Time Build Order
Export as new Build Order

Manta Zerg - Winner!

Build Orders: Hatch First 

Get SALT Encoding   

  12  0:06  Drone  
  13  0:16  Overlord  
  13  0:24  Drone  
  14  0:38  Drone  
  14  0:39  Drone  
  14  0:40  Drone  
  17  0:58  Drone  
  17  1:02  Hatchery  
  17  1:03  Drone  
  18  1:18  Spawning Pool  
  17  1:20  Drone, Extractor  
  17  1:24  Drone  
  18  1:34  Drone  
  19  1:50  Extractor  
  19  1:51  Overlord  
  18  2:10  Zergling x4  
  18  2:12  Queen  
  18  2:14  Queen  
  18  2:15  Drone  
  25  2:45  Drone x4  
  25  2:46  Drone  
  30  2:55  Hatchery  
  29  2:59  Lair  
  30  3:18  Hatchery  
  29  3:26  Zergling x2  
  29  3:27  Zergling x12  
  36  3:39  Metabolic Boost  
  36  3:57  Zergling x4  
  36  3:58  Zergling x4  
  36  3:59  Zergling x2  
  36  4:08  Overlord  
  31  4:25  Queen  
  24  5:08  Zergling x2  
  25  5:17  Spine Crawler  
  25  5:20  Spine Crawler  
  23  5:25  Queen  
  23  5:27  Zergling x6  
  28  5:34  Zergling x2  
  28  5:35  Zergling x2  
  30  5:37  Spine Crawler  
  29  6:04  Drone x2  
  29  6:05  Drone  
  29  6:07  Drone x2  
  29  6:08  Drone  
  35  6:12  Spire  
  34  6:36  Drone x2  
  34  6:37  Drone x3  
  39  7:00  Hatchery  
  38  7:03  Drone x3  
  38  7:06  Drone x3  
  44  7:09  Overlord x2  
  41  8:17  Mutalisk x6  
  41  8:18  Evolution Chamber, Mutalisk x7  
  66  8:35  Overlord x2  
  66  8:45  Queen  
  56  9:16  Mutalisk  
  56  9:17  Mutalisk x4  
  56  9:19  Drone x3  
  56  9:20  Drone x8  
  77  10:13  Mutalisk  
  77  10:14  Zergling x2  
  77  10:15  Zergling x4  
  77  10:17  Overlord  
  77  10:18  Overlord x4  
  78  11:06  Zergling x4  
  78  11:07  Zergling x10  
  91  11:22  Extractor  
  91  11:24  Hatchery  
  89  11:25  Extractor  
Show
View Real Time Build Order
Export as new Build Order

Dallinger Terran - Winner!

Build Orders: MMM Bio 

Get SALT Encoding   

  12  0:01  SCV  
  13  0:13  SCV  
  14  0:25  SCV  
  14  0:27  Supply Depot  
  15  0:49  SCV  
  16  0:54  Barracks  
  16  0:59  Refinery  
  16  1:01  SCV  
  17  1:04  Refinery  
  17  1:13  SCV  
  19  1:25  SCV  
  19  1:41  Orbital Command  
  19  1:43  Barracks Reactor  
  19  1:45  Supply Depot  
  19  1:53  Barracks  
  19  2:07  SCV  
  20  2:20  Bunker  
  20  2:21  Factory, SCV  
  21  2:30  Barracks  
  21  2:33  SCV  
  22  2:40  Marine x2  
  22  2:41  Barracks Tech Lab  
  24  2:45  SCV  
  24  2:49  Engineering Bay  
  25  2:58  Marine x2  
  25  3:04  Stimpack  
  27  3:15  Starport, Factory Reactor  
  27  3:20  Terran Infantry Weapons Level 1  
  27  3:26  Barracks Reactor  
  26  3:34  Supply Depot  
  23  3:41  Marine x2  
  23  3:42  Marine  
  26  3:52  Widow Mine x2  
  26  3:54  Starport Tech Lab  
  30  4:02  Supply Depot  
  30  4:21  Marine x4  
  34  4:40  Bunker  
  33  4:56  Marine x5  
  33  4:58  Widow Mine x2  
  35  5:13  Marine  
  35  5:14  Marine x4  
  33  5:33  Marine  
  33  5:34  Marine x2  
  26  5:40  Marine x2  
  25  5:51  Marine  
  26  6:24  Combat Shields  
  26  6:45  Supply Depot  
  26  6:46  Supply Depot  
  26  6:58  Terran Infantry Armor Level 1  
  26  7:06  Medivac x2, SCV  
  31  7:17  Marine x4  
  31  7:18  Marine, SCV  
  37  7:27  Supply Depot  
  37  7:29  Supply Depot  
  37  7:30  SCV  
  38  7:48  Medivac x2  
  42  8:01  Marine x3  
  42  8:02  Marine x2  
  47  8:19  Marine x4  
  49  8:20  Marine  
  50  9:01  Marine x4  
  50  9:02  Marine  
  51  9:19  Marine x3  
  40  9:49  Marine x5  
  43  10:06  Marine  
  43  10:07  Marine x4  
  41  10:24  Marine x2  
  41  10:25  Marine x3  
  43  10:29  Medivac  
  45  10:42  Marine x2  
  46  10:43  Marine x3  
  42  11:00  Marine x2  
  42  11:01  Marine x3  
Show
View Real Time Build Order
Export as new Build Order

Zeta Zerg 

Build Orders: Pool First 

Get SALT Encoding   

  12  0:01  Drone  
  13  0:08  Drone  
  14  0:21  Extractor  
  13  0:22  Extractor  
  13  0:23  Drone x2  
  16  0:32  Overlord  
  16  0:57  Spawning Pool  
  16  0:59  Extractor  
  16  1:00  Drone x2  
  16  1:02  Drone  
  17  1:23  Hatchery  
  16  1:40  Overlord  
  16  1:41  Overlord  
  16  1:52  Queen  
  18  1:57  Zergling x4  
  20  2:04  Zergling x2  
  21  2:10  Metabolic Boost  
  21  2:19  Zergling x2  
  22  2:43  Zergling x4  
  22  2:44  Zergling x2  
  25  2:54  Zergling x2  
  25  2:57  Zergling x2  
  25  2:58  Zergling x4  
  29  3:08  Queen  
  29  3:11  Overlord x2  
  31  3:13  Zergling x6  
  34  3:35  Zergling x8  
  38  3:55  Zergling x2  
  38  3:56  Zergling x8  
  38  4:00  Lair  
  42  4:05  Zergling x4  
  38  4:25  Zergling x2  
  38  4:26  Zergling x6  
  31  4:40  Zergling x2  
  31  4:41  Zergling x10  
  36  4:51  Zergling x2  
  36  4:52  Zergling x2  
  32  5:02  Roach Warren  
  32  5:05  Drone x2  
  28  5:29  Zergling x2  
  28  5:30  Zergling x12  
  28  5:31  Zergling x2  
  29  6:08  Drone  
  30  6:16  Hydralisk Den  
  29  6:23  Infestation Pit, Extractor  
  28  6:25  Drone  
  28  6:26  Drone x3  
  28  6:30  Drone  
  32  6:49  Lurker Den  
  32  6:52  Hatchery  
  31  6:55  Drone x2  
  31  6:56  Drone  
  34  7:50  Hydralisk x6  
  46  8:16  Lurker  
  47  8:27  Lurker  
  47  8:33  Queen  
  50  8:34  Drone x3  
  34  9:32  Roach  
  34  9:33  Roach x4  
  34  9:34  Roach x7  
  58  9:39  Overlord x2  
  58  9:41  Overlord x2  
  21  10:30  Hydralisk  
  21  10:31  Hydralisk x4  
Show
View Real Time Build Order
Export as new Build Order

jdc Zerg 

Build Orders: Pool First, Zergling Baneling 

Get SALT Encoding   

  12  0:03  Drone  
  13  0:15  Drone  
  14  0:32  Spawning Pool  
  14  0:34  Overlord  
  13  0:45  Drone  
  14  0:55  Drone x2, Extractor  
  15  0:59  Drone  
  16  1:09  Drone  
  17  1:18  Queen  
  17  1:20  Zergling x2  
  20  1:29  Overlord  
  20  1:43  Zergling x2  
  21  1:52  Drone  
  22  1:56  Metabolic Boost  
  22  2:02  Zergling x2  
  23  2:14  Drone  
  25  2:22  Zergling x2  
  25  2:31  Overlord  
  25  2:32  Hatchery  
  25  2:33  Zergling x4  
  26  2:47  Drone  
  26  2:49  Baneling Nest  
  27  2:51  Drone  
  27  2:52  Extractor  
  26  3:05  Queen  
  26  3:08  Drone x3  
  26  3:09  Drone  
  32  3:22  Zergling x2  
  32  3:37  Zergling x2  
  33  3:55  Zergling x10  
  38  3:57  Queen  
  38  3:58  Overlord  
  40  4:12  Zergling x2  
  40  4:13  Zergling x2  
  42  4:25  Baneling x5  
  42  4:26  Baneling x9  
  42  4:32  Drone x4  
  42  4:38  Zergling x4  
  48  4:39  Zergling x2  
  35  5:29  Lair  
  35  5:31  Drone  
  35  5:32  Drone x7  
  40  5:48  Drone  
  40  5:49  Drone  
  42  5:51  Extractor  
  42  5:52  Extractor  
  40  6:05  Overlord x2  
  40  6:08  Drone x3  
  40  6:09  Drone x3  
  46  6:11  Spine Crawler  
  46  6:16  Spine Crawler  
  46  6:17  Zergling x4  
  46  6:22  Drone  
  47  6:27  Drone  
  47  6:31  Spire  
  47  6:32  Spire  
  46  6:35  Drone  
  46  6:39  Drone  
  48  6:40  Drone x3  
  48  6:41  Overlord  
  48  6:43  Zergling x4  
  53  6:50  Spore Crawler  
  53  6:52  Spore Crawler  
  53  6:53  Drone  
  52  6:55  Overlord  
  52  7:19  Zergling x4  
  54  7:26  Overlord  
  52  7:42  Evolution Chamber  
  52  7:43  Overlord  
  51  7:44  Evolution Chamber  
  51  7:45  Drone  
  51  7:46  Mutalisk x7  
  65  7:51  Zerg Flyer Weapons Level 1  
  65  7:53  Zerg Flyer Armor Level 1  
  65  7:56  Drone, Mutalisk  
  65  7:57  Mutalisk x2  
  68  9:09  Mutalisk  
  64  9:10  Mutalisk x7  
  74  9:22  Baneling  
  74  9:23  Baneling x3  
  48  9:48  Queen  
  50  10:01  Corruptor x2  
  50  10:04  Zergling x2  
  53  10:10  Overseer  
  53  10:24  Spore Crawler  
  53  10:25  Spine Crawler  
  53  10:26  Mutalisk  
  53  10:27  Spine Crawler, Spore Crawler, Zergling x2  
  53  10:28  Zergling x12  
  58  10:37  Spore Crawler x2  
  56  10:46  Zergling x2  
  56  10:47  Zergling x6  
  49  10:52  Corruptor  
  49  10:53  Corruptor  
  37  11:11  Spore Crawler  
  25  11:12  Spore Crawler  
Tags
 
Add a new tag
Caveats
  • Supply blocks, unpowered buildings, or Contaminate may cause inaccurate times.
  • Supply counts are checked every 10 seconds.